 Dungeon Sprint DCSS version 0.32-a0-411-g744942f433 (webtiles) character file.

Game seed: 15697399142015129095

0 shadowstone the Skirmisher (level 4, -10/35 HPs)
             Began as a Coglin Hunter on Feb 20, 2024.
             Was a Follower of Qazlal.
             Mangled by Pikel
             ... wielding a +2 whip of flaming
              (11 damage)
             ... in the Dungeon (Sprint VI: "Thunderdome").
             The game lasted 00:01:53 (126 turns).

shadowstone the Skirmisher (Coglin Hunter)           Turns: 126, Time: 00:01:54

Health: -10/35     AC:  3    Str: 11    XL:     4   Next: 67%
Magic:  4/4        EV: 12    Int:  8    God:    Qazlal [*.....]
Gold:   95         SH:  2    Dex: 20    Spells: 3/3 levels left

rFire   . . .        n - +0 hand cannon {Nimrit}
rCold   . . .        (no shield)
rNeg    . . .        c - +0 leather armour
rPois   .            (no helmet)
rElec   .            (no cloak)
rCorr   .            (no gloves)
SInv    .            (no boots)
Will    .....        (no amulet)
Stlth   ++           (no ring)
HPRegen 0.25/turn    (no ring)
MPRegen 0.09/turn

%: no teleportation
@: revved
A: off-hand wielding, slow wielding, warmup strikes, legs shutdown
a: Renounce Religion


You were in the Dungeon.
You worshipped Qazlal.
Qazlal was aware of your devotion.
You visited 1 branch You collected 200 gold pieces.
You spent 105 gold pieces at shops.

Inventory:

Hand Weapons
 a - a +0 shortbow {Ai}
 n - a +0 hand cannon (weapon) {Nimrit}
Armour
 c - a +0 leather armour (worn)
Wands
 k - a wand of light (5)
 l - a wand of iceblast (5)
Scrolls
 b - a scroll of butterflies
 i - 4 scrolls of blinking
 m - 3 scrolls of fog
Potions
 d - a potion of curing
 e - 4 potions of heal wounds
 f - 4 potions of haste
 g - 2 potions of magic
 h - a potion of berserk rage
 j - a potion of resistance


   Skills:
 + Level 3.0 Fighting
 + Level 8.3 Ranged Weapons
 + Level 0.3 Armour
 + Level 2.6 Dodging
 + Level 0.8 Stealth


You had 3 spell levels left.
You didn't know any spells.
Your spell library was empty.

Dungeon Overview and Level Annotations

Branches:
Dungeon (1/1)

Altars:
Cheibriados
Dithmenos
Fedhas
Gozag
Kikubaaqudgha
Makhleb
Okawaru
Qazlal
Ru
Sif Muna
Trog
Uskayaw
Vehumet
Wu Jian
Xom
Yredelemnul
Zin
The Shining One
Beogh
Lugonu

Shops:
D *[=??*?*:[((!!!!

Annotations:
D Pikel


Innate Abilities, Weirdness & Mutations

You can wield a second weapon in your off-hand.
It takes a long time for you to wield or remove held weapons.
Your first few attacks do less damage.
Attacking and casting redirects power from your legs.


Message History

A goblin comes into view. It is wielding a +0 dagger.
The goblin shouts!
The goblin barely misses you.
You shoot a bolt.
The bolt hits the goblin but does no damage.
The goblin hits you with a +0 dagger.
You shoot a bolt. The bolt barely misses the goblin.
The goblin hits you but does no damage. The goblin barely misses you.
You shoot a bolt. The bolt closely misses the goblin.
The goblin hits you but does no damage.
You shoot a bolt. The bolt hits the goblin!!
You kill the goblin!
Qazlal accepts your kill.
Things that are here:
a +0 dagger; a goblin corpse Pikel shouts!
You shoot a bolt. The bolt hits Pikel!!
Pikel is heavily wounded.
Pikel says, "Hell isn't that bad."
You shoot a bolt. The bolt closely misses Pikel.
You shoot a bolt. The bolt hits Pikel!
Pikel is severely wounded.
Pikel closely misses you.
Pikel hits you with a +2 whip of flaming!
Pikel burns you.
You shoot a bolt. The bolt closely misses Pikel.
Pikel hits you with a +2 whip of flaming.
Pikel burns you.
You shoot a bolt. The bolt hits Pikel but does no damage.
Pikel is severely wounded.
Pikel closely misses you. Pikel barely misses you.
You shoot a bolt. The bolt closely misses Pikel.
Pikel hits you with a +2 whip of flaming!
* * * LOW HITPOINT WARNING * * *
Pikel burns you!
* * * LOW HITPOINT WARNING * * *
You are too injured to fight recklessly!
Pikel hits you with a +2 whip of flaming!
You die...
Pikel says, "Another soul for the market."

#_......._# #_........#
#........_# ###.).......###
#⌠...........⌠#
######.ß........)ß.######
##∩.__......###......_._∩##
#∩.......°ßK# #.ß........∩#
...........@###............
........)###...###.........
.........# #.<.# #.........
.........###...###.........
............###............
#∩........ß.# #.ß........∩#
##∩___......###......___∩##
######.ß.........ß.######
#⌠..)........⌠#


You could see Pikel.

Vanquished Creatures
  A kobold brigand (D)
  Ijyb (D)
  2 goblins (D)
4 creatures vanquished.

Notes
Turn   | Place    | Note
-------+----------+-------------------------------------------
     0 | D        | shadowstone the Coglin Hunter began the quest for the Orb.
     0 | D        | Reached XP level 1. HP: 16/16 MP: 1/1
     4 | D        | Found a blossoming altar of Fedhas.
     4 | D        | Found a glowing silver altar of Zin.
     5 | D        | Found a shimmering blue altar of Sif Muna.
     5 | D        | Found a shadowy altar of Dithmenos.
     5 | D        | Round 1.
     6 | D        | Found an ancient bone altar of Kikubaaqudgha.
     6 | D        | Found a stormy altar of Qazlal.
     7 | D        | Found a bloodstained altar of Trog.
     7 | D        | Found a glowing golden altar of the Shining One.
     7 | D        | Found an opulent altar of Gozag.
     7 | D        | Found Echepp's Weapon Rack.
     7 | D        | Found Weonnoys's Premium Goods.
     8 | D        | Found Meukkoss's Do-It-Yourself Clinic.
     8 | D        | Found Bivenausm's Basic Armour.
     8 | D        | Found Macocryes's Miscellaneous Merchandise.
    15 | D        | Bought a +0 hand cannon for 105 gold pieces
    30 | D        | Found a basalt altar of Yredelemnul.
    34 | D        | Became a worshipper of Qazlal Stormbringer
    36 | D        | Noticed Ijyb
    39 | D        | Found a hide-covered altar of Uskayaw.
    44 | D        | Killed Ijyb
    45 | D        | Reached skill level 6 in Ranged Weapons
    45 | D        | Reached XP level 2. HP: 22/23 MP: 2/2
    45 | D        | Reached XP level 3. HP: 27/28 MP: 3/3
    49 | D        | Found a sacrificial altar of Ru.
    51 | D        | Found Iwuur's Identification Station.
    52 | D        | Found an ornate altar of the Wu Jian Council.
    52 | D        | Found a shimmering altar of Xom.
    52 | D        | Found Vif Napn's Timeless Talismans.
    53 | D        | Found Ymeblaf's Advanced Armour.
    53 | D        | Found Zaamaol's Jewellery.
    59 | D        | Found a burning altar of Makhleb.
    60 | D        | Found a roughly hewn altar of Beogh.
    63 | D        | Found Ategal's Magic Scroll Shop.
    63 | D        | Noticed a kobold brigand
    64 | D        | Found Plog's Magic Scroll Shop.
    64 | D        | Found Juostru's Must-Have Magic.
    65 | D        | Found a snail-covered altar of Cheibriados.
    65 | D        | Found a radiant altar of Vehumet.
    65 | D        | Found Joihay's Staff Store.
    72 | D        | Killed a kobold brigand
    73 | D        | Reached skill level 8 in Ranged Weapons
    73 | D        | Reached XP level 4. HP: 32/35 MP: 4/4
    73 | D        | Reached * piety under Qazlal
    76 | D        | Noticed Pikel
    77 | D        | Found an iron altar of Okawaru.
    83 | D        | Found a corrupted altar of Lugonu.
    84 | D        | Found Supru's Distillery.
    85 | D        | Found Kelif's Distillery.
    85 | D        | Found Xebas's Bottled Wisdom.
   125 | D        | HP: 1/35 [Pikel/+2 whip of flaming (7)]
   126 | D        | Mangled by Pikel

Illustrated notes

Levels and vault maps discovered:
D:        arena_sprint

Skill      XL: |  1  2  3 |
---------------+----------+-----
Ranged Weapons | 6 8 |  8.3
Dodging        | 2 |  2.6
Fighting       | 3 |  3.0
Armour         | |  0.3
Stealth        | |  0.8

Action                     |  1- 3 |  4- 6 || total
---------------------------+-------+-------++-------
   Fire: Hand cannon       |    11 |    11 ||    22
 Armour: Leather armour    |     6 |     7 ||    13
  Dodge: Dodged            |     4 |     5 ||     9

Table legend: (Time is in decaauts)
 A = Elapsed time spent in this place.
 B = Non-inter-level travel time spent in this place.
 C = Inter-level travel time spent in this place.
 D = Time resting spent in this place.
 E = Time spent auto-exploring this place.
 F = Levels seen in this place.
 G = Mean time per level.
                   A        B        C        D        E       F      G
               +--------+--------+--------+--------+--------+-----+--------+
         Total |    139 |    128 |     11 |      0 |      0 |   1 |  139.0 |
       Dungeon |    139 |    128 |     11 |      0 |      0 |   1 |  139.0 |
               +--------+--------+--------+--------+--------+-----+--------+

Top non-repeatable levels by time:
       D: 139 daAuts
